 Dungeon Crawl Stone Soup version 0.14-a0-2964-g8dc6adb (webtiles) character file.

58 4tharraofdagon the Shooter (level 3, 0/29 HPs)
             Began as a Centaur Arcane Marksman on Mar 5, 2014.
             Slain by a jackal (2 damage)
             ... on Level 3 of the Dungeon.
             The game lasted 00:02:24 (396 turns).

4tharraofdagon the Shooter (Centaur Arcane Marksman) Turns: 396, Time: 00:02:24

HP   0/29        AC  5     Str 14      XL: 3   Next:  0%
MP   4/4         EV 12     Int 12      God:
Gold 30          SH  0     Dex 13      Spells:  1 memorised,  3 levels left

rFire  . . .     SeeInvis .     b - +0 bow
rCold  . . .     Clarity  .     m - +0 orc ring mail
rNeg   . . .     Conserve .     (no shield)
rPois  .         rCorr    .     (no helmet)
rElec  .         rRot     .     (no cloak)
SustAb . .       Spirit   .     (no gloves)
rMut   .         Warding  .     (no barding)
Saprov . . .     Stasis   .     (no amulet)
MR     .....                    (no ring)
                                (no ring)

@: agile, very quick, not resistant to hostile enchantments, unstealthy
A: hooves 3, deformed body, herbivore 1, speed 2, fast metabolism 1, tough skin
3
a: no special abilities


You were on level 3 of the Dungeon.
You were not hungry.

You visited 1 branch of the dungeon, and saw 3 of its levels.

You collected 30 gold pieces.

Inventory:

Hand weapons
 b - a +0,+0 bow (weapon)
Missiles
 c - 32 arrows (quivered)
Armour
 a - a +0 robe
 i - a +0 shield
 m - a +0 orcish ring mail (worn)
Magical devices
 n - a wand of slowing (7)
Comestibles
 f - 2 bread rations
Scrolls
 e - 2 scrolls of remove curse {unknown}
 g - a scroll of blinking {unknown}
 j - 3 scrolls of identify {unknown}
 l - 3 scrolls of enchant weapon I {unknown}
Jewellery
 k - an uncursed amulet of stasis {unknown}
Books
 d - a book of Debilitation

   Spells                             Type                      Level
   *Corona                            Hexes                        1
   Slow                               Hexes                        2
   Inner Flame                        Hexes/Fire                   3
   Enslavement                        Hexes                        4
   Cause Fear                         Hexes                        4
   Leda's Liquefaction                Hexes/Earth                  4


   Skills:
 + Level 1.8 Fighting
 * Level 4.1 Bows
 - Level 1.3 Dodging
 - Level 1.0 Spellcasting
 - Level 2.6 Hexes


You had 3 spell levels left.
You knew the following spells:

 Your Spells              Type           Power        Failure   Level  Hunger
a - Corona                Hex            #......      17%         1    ##.....


Dungeon Overview and Level Annotations

Branches:
Dungeon (3/16)

Altars:


Innate Abilities, Weirdness & Mutations

You have hooves in place of feet.
Armour fits poorly on your strangely shaped body.
You digest meat inefficiently.
You cover ground very quickly.
You have a fast metabolism.
You have extremely tough skin (AC +3).


Message History

Increase (S)trength, (I)ntelligence, or (D)exterity?
You feel stronger.
The jackal bites you but does no damage.
The rat closely misses you. The jackal bites you.
* * * LOW HITPOINT WARNING * * *
The rat closely misses you.
Firing (i - inventory):
c - 34 arrows (quivered)
Press: ? - help, Shift-Dir - straight line, f/p - adder
Aim: an adder You shoot an arrow.
The arrow hits the jackal.
The jackal is moderately wounded.
The rat closely misses you. The jackal misses you. The rat bites you.
* * * LOW HITPOINT WARNING * * *
Firing (i - inventory):
c - 33 arrows (quivered)
Press: ? - help, Shift-Dir - straight line, f/p - adder
Aim: an adder You shoot an arrow.
The arrow misses the jackal.
The arrow hits the adder.
The adder is heavily wounded.
The jackal bites you.
You die...

#.......... .
#......##.# .#
#......##.##### ..##
..............#####.....
............K...........
###.#.###...............
#.#.##..(....gS.......<
#.#(##.......rh##.####
#.#.##....$Kor@# #
###.#.##..###.####
...............
###>#.##..###.## #.#K#
.....!# #.#.##......
###.#.##.....
....#.##......
....#.##......#


You could see an adder, an orc, a jackal, a hobgoblin, 2 kobolds and 2 rats.

Vanquished Creatures
  An adder (D:3)
  A giant mite (D:3)
  An orc (D:3)
  A ball python (D:3)
  5 jackals
  A kobold (D:2)
  A rat (D:2)
11 creatures vanquished.

Notes
Turn   | Place    | Note
--------------------------------------------------------------
     0 | D:1      | 4tharraofdagon, the Centaur Arcane Marksman, began the quest for the Orb.
     0 | D:1      | Reached XP level 1. HP: 16/16 MP: 2/2
   147 | D:2      | Reached skill level 3 in Bows
   259 | D:3      | Reached XP level 2. HP: 8/23 MP: 3/3
   278 | D:3      | Reached skill level 4 in Bows
   394 | D:3      | Reached XP level 3. HP: 4/29 MP: 4/4
   396 | D:3      | Slain by a jackal

Action                   || total
-------------------------++-------
 Fire: Bow               ||    38
Evoke: Wand              ||     1
  Use: Potion            ||     1
